 Dungeon Crawl Stone Soup version 0.31-a0-667-g39726597b9 (webtiles) character file.

Game seed: 8534389889262453723

474 Revguard the Chopper (level 6, -1/47 HPs)
             Began as a Demonspawn Gladiator on Sept 4, 2023.
             Was an Initiate of Makhleb.
             Slain by Crazy Yiuf
             ... wielding a +4 quarterstaff of chaos
              (10 damage)
             ... on level 4 of the Dungeon.
             The game lasted 00:08:52 (3139 turns).

Revguard the Chopper (Demonspawn Gladiator)         Turns: 3139, Time: 00:08:53

Health: -1/47      AC: 11    Str: 16    XL:     6   Next: 84%
Magic:  8/8        EV:  9    Int:  9    God:    Makhleb [......]
Gold:   152        SH:  0    Dex: 21    Spells: 5/5 levels left

rFire   . . .        a - +0 war axe
rCold   . . .        (no shield)
rNeg    + . .        g - +0 chain mail
rPois   .            (helmet restricted)
rElec   .            o - +0 cloak
rCorr   .            r - +0 pair of gloves
SInv    .            (no boots)
Will    .....        l - amulet of regeneration Stlth
                     i - +6 ring of dexterity
HPRegen 1.07/turn    j - ring of positive energy
MPRegen 0.11/turn

%: no passive effects
@: lethally poisoned (-1 -> -2)
A: claws 1, horns 1, powered by death 1, demonic magic 1
a: Renounce Religion


You were on level 4 of the Dungeon.
You worshipped Makhleb.
Makhleb was noncommittal.
You visited 2 branches of the dungeon, and saw 5 of its levels.

You collected 215 gold pieces.
You spent 63 gold pieces at shops.

Inventory:

Hand Weapons
 a - a +0 war axe (weapon)
Missiles
 d - 3 throwing nets (quivered)
 e - 3 javelins
Armour
 g - a +0 chain mail (worn)
 o - a +0 cloak (worn)
 r - a +0 pair of gloves (worn)
Jewellery
 i - a +6 ring of dexterity (left hand)
 j - a ring of positive energy (right hand)
 l - an amulet of regeneration (around neck)
 t - a ring of ice
 v - an amulet of reflection
Scrolls
 b - 2 scrolls of teleportation {unknown}
 c - a scroll of vulnerability {unknown}
 h - a scroll of amnesia {unknown}
 s - a scroll of enchant armour {unknown}
 u - a scroll of noise {unknown}
 w - a scroll of identify
Potions
 f - a potion of magic
 k - a potion of haste
 m - 2 potions of might {unknown}
 n - 2 potions of degeneration {unknown}
 p - a potion of attraction {unknown}
 q - a potion of curing {unknown}


   Skills:
 + Level 3.3 Fighting
 * Level 4.4 Axes
 - Level 1.7 Throwing
 + Level 2.2 Armour
 + Level 3.5 Dodging
 + Level 3.0 Invocations
 + Level 2.4 Evocations


You had 5 spell levels left.
You didn't know any spells.
Your spell library contained the following spells:

 Spells                   Type           Power      Damage    Failure   Level
 Freeze                   Ice            0%         1d3       99%         1
 Magic Dart               Conj           0%         1d3       99%         1
 Call Imp                 Summ           0%         N/A       100%        2
 Frozen Ramparts          Ice            0%         1d1       100%        3
 Hailstorm                Conj/Ice       0%         3d3       100%        3
 Inner Flame              Hex/Fire       0%         N/A       100%        3
 Mephitic Cloud           Conj/Pois/Air  0%         N/A       100%        3
 Flame Wave               Conj/Fire      0%         2d4       100%        4
 Sticky Flame             Conj/Fire      0%         2d3       100%        4


Dungeon Overview and Level Annotations

Branches:
Dungeon (4/15)             Temple (1/1) D:4

Altars:
Ashenzari
Cheibriados
Dithmenos
Hepliaklqana
Makhleb
Okawaru
Ru
Sif Muna
Trog
Uskayaw
Vehumet
Wu Jian
Xom

Shops:
D:4 =[[*(

Annotations:
D:4 Crazy Yiuf


Innate Abilities, Weirdness & Mutations

You have sharp fingernails.
You have a pair of small horns on your head.
You regenerate a little health from kills.
Spells you cast may paralyse adjacent enemies.


Message History

You climb upwards.
Welcome back to the Dungeon!
Level annotation: 1 runed translucent door, Crazy Yiuf
There is a staircase to the Ecumenical Temple here.
As you open the door, it creaks loudly!
There is an open door here.
You see here a +0 whip.
Crazy Yiuf shouts!
You open the door. You closely miss Crazy Yiuf.
Crazy Yiuf hits you with a +4 quarterstaff of chaos.
You closely miss Crazy Yiuf. Your headbutt misses Crazy Yiuf.
Crazy Yiuf barely misses you.
You hit Crazy Yiuf but do no damage.
Crazy Yiuf yells, "Orb koolooloo high!"
Crazy Yiuf hits you with a +4 quarterstaff of chaos!
Crazy Yiuf burns you.
You slash Crazy Yiuf! You headbutt Crazy Yiuf.
Crazy Yiuf is severely wounded.
Crazy Yiuf hits you with a +4 quarterstaff of chaos!
You are poisoned.
Crazy Yiuf closely misses you.
You completely miss Crazy Yiuf.
Crazy Yiuf is severely wounded.
You feel very sick. Crazy Yiuf hits you but does no damage.
You barely miss Crazy Yiuf.
Crazy Yiuf is severely wounded.
You feel very sick. Crazy Yiuf barely misses you.
You hit Crazy Yiuf.
Crazy Yiuf is severely wounded.
You feel very sick. Crazy Yiuf closely misses you.
Crazy Yiuf hits you with a +4 quarterstaff of chaos.
* * * LOW HITPOINT WARNING * * *
You hit Crazy Yiuf.
Crazy Yiuf is almost dead.
You feel sick.
Crazy Yiuf hits you with a +4 quarterstaff of chaos!
You die...

#.####....#
##.## ### #....#
#.# ♣....♣ #.#
♣♣...♣ ##'##
♣♣.♣♣ ##...##
♣♣.♣ ##.....##
♣.♣♣ #.......##
♣♣.♣
#........###
♣@♣♣
#........'.. #g#
#........### ...
#.......## #...#
##.....## #)..#
##...## #####
##'## #.#
######### #.#
#.......#####.##


You could see Crazy Yiuf.

Vanquished Creatures
  Sigmund (D:2)
  A bullfrog (D:4)
  A scorpion (D:4)
  A jelly (D:4)
  An orc priest (D:3)
  4 adders
  A worm (D:2)
  3 dart slugs
  6 orcs
  9 ball pythons
  7 bats
  3 endoplasms
  3 giant cockroaches
  6 goblins
  11 hobgoblins
  3 jackals (D:4)
  5 quokkas
  A frilled lizard (D:2)
  7 kobolds
  3 rats
77 creatures vanquished.

Notes
Turn   | Place    | Note
-------+----------+-------------------------------------------
     0 | D:1      | Revguard the Demonspawn Gladiator began the quest for the
                  | Orb.
     0 | D:1      | Reached XP level 1. HP: 16/16 MP: 1/1
   179 | D:1      | Gained mutation: Spells you cast may paralyse adjacent
                  | enemies. [demonic ancestry]
   179 | D:1      | Reached XP level 2. HP: 22/22 MP: 2/2
   397 | D:1      | Reached skill level 3 in Axes
   860 | D:2      | Gained mutation: You regenerate a little health from kills.
                  | [demonic ancestry]
   860 | D:2      | Reached XP level 3. HP: 27/27 MP: 3/3
  1070 | D:2      | Reached skill level 1 in Invocations
  1240 | D:2      | Reached skill level 1 in Armour
  1259 | D:2      | Noticed Sigmund
  1270 | D:2      | Killed Sigmund
  1271 | D:2      | Reached skill level 1 in Evocations
  1271 | D:2      | Discovered your monstrous ancestry.
  1271 | D:2      | Gained mutation: You have a pair of small horns on your
                  | head. [demonic ancestry]
  1271 | D:2      | Reached XP level 4. HP: 34/34 MP: 3/5
  1271 | D:2      | Reached XP level 5. HP: 40/40 MP: 3/6
  1658 | D:3      | Reached skill level 4 in Axes
  1864 | D:3      | Gained mutation: You have sharp fingernails. [demonic
                  | ancestry]
  1864 | D:3      | Reached XP level 6. HP: 40/47 MP: 7/7
  1948 | D:3      | Identified the +2 short sword "Uhestr Lutz" {flame, rC++}
  2037 | D:3      | Found a sacrificial altar of Ru.
  2387 | D:4      | Found Tisa's Assorted Antiques.
  2399 | D:4      | Bought a scroll labelled JUJIEWN QIDAN for 21 gold pieces
  2399 | D:4      | Bought a scroll labelled NEONUEZUDGH for 21 gold pieces
  2399 | D:4      | Bought a scroll labelled XECANUOZAE for 21 gold pieces
  2566 | D:4      | Found Qiynihig's Antique Armour Boutique.
  2641 | D:4      | Found Giejen's Jewellery Shop.
  2681 | D:4      | Found a runed translucent door.
  2682 | D:4      | Noticed Crazy Yiuf
  2823 | D:4      | Found Teihenip's Armour Shoppe.
  2891 | D:4      | Found Hur Kuats's Antique Weapon Emporium.
  3002 | D:4      | Found a staircase to the Ecumenical Temple.
  3013 | Temple   | Entered the Ecumenical Temple
  3028 | Temple   | Became a worshipper of Makhleb the Destroyer
  3139 | D:4      | Slain by Crazy Yiuf

Illustrated notes

Levels and vault maps discovered:
D:1:      eino_arrival_druids_welcome, layout_basic, bh_walls_and_bars
D:2:      layout_basic, uniq_sigmund
D:3:      layout_rooms, hangedman_ru_absence, serial_forest,
          infiniplex_forest_clump_medium, infiniplex_forest_lined_3_way,
          infiniplex_forest_clump_double, infiniplex_forest_pool,
          infiniplex_forest_lined_2, infiniplex_forest_clump_long,
          infiniplex_forest_straight_5
D:4:      layout_loops_corners, temple_hall, serial_shops, shop,
          nicolae_shop_tiny_waterfront, shop, shop,
          nicolae_shop_just_a_little_nook, small_statue_intersection,
          uniq_crazy_yiuf_cottage
Temple:   nicolae_temple_ecumenical_triangle

Skill      XL: |  1  2  3  4  5  6 |
---------------+-------------------+-----
Axes           | 3 4 |  4.4
Invocations    | 2 3 |  3.0
Armour         | 1 2 |  2.2
Dodging        | 3 |  3.5
Evocations     | 1 2 |  2.4
Fighting       | 3 |  3.3
Throwing       | |  1.7

Action                     |  1- 3 |  4- 6 || total
---------------------------+-------+-------++-------
  Melee: War axe           |    87 |   117 ||   204
         Headbutt          |       |    20 ||    20
    Use: Scroll            |       |     2 ||     2
   Stab: Sleeping          |     3 |     1 ||     4
 Armour: Leather armour    |    53 |     3 ||    56
         Chain mail        |       |    83 ||    83
  Dodge: Dodged            |    58 |    76 ||   134

Table legend: (Time is in decaauts)
 A = Elapsed time spent in this place.
 B = Non-inter-level travel time spent in this place.
 C = Inter-level travel time spent in this place.
 D = Time resting spent in this place.
 E = Time spent auto-exploring this place.
 F = Levels seen in this place.
 G = Mean time per level.
                   A        B        C        D        E       F      G
               +--------+--------+--------+--------+--------+-----+--------+
         Total |   3207 |   3126 |     81 |     72 |   2290 |   5 |  641.4 |
       Dungeon |   3182 |   3110 |     72 |     72 |   2290 |   4 |  795.5 |
        Temple |     24 |     15 |      9 |      0 |      0 |   1 |   24.0 |
               +--------+--------+--------+--------+--------+-----+--------+

Top non-repeatable levels by time:
     D:4: 837 daAuts
     D:1: 833 daAuts
     D:2: 759 daAuts
     D:3: 752 daAuts
  Temple: 24 daAuts
